 Dungeon Crawl Stone Soup version 0.31-a0-963-ga325b2283a (webtiles) character file.

Game seed: 12928459918974144333

133 pascalblue the Caller (level 4, -1/24 HPs)
             Began as a Deep Elf Summoner on Oct 25, 2023.
             Slain by Crazy Yiuf
             ... wielding a +3 quarterstaff of chaos
              (8 damage)
             ... on level 3 of the Dungeon.
             The game lasted 00:13:17 (3556 turns).

pascalblue the Caller (Deep Elf Summoner)           Turns: 3556, Time: 00:13:18

Health: -1/24      AC:  3    Str:  5    XL:     4   Next: 94%
Magic:  7/12       EV: 13    Int: 22    God:
Gold:   169        SH:  0    Dex: 22    Spells: 8/11 levels left

rFire   . . .        e - +1 dagger
rCold   x . .        (no shield)
rNeg    . . .        a - +0 robe
rPois   .            (no helmet)
rElec   .            (no cloak)
rCorr   .            (no gloves)
SInv    .            c - +0 pair of boots
Will    +++..        (no amulet)
Stlth   +++          d - ring of Yloakewi {*Slow rC- Will+++ Dex+7 Slay+4}
HPRegen 0.24/turn    (no ring)
MPRegen 0.13/turn

%: slow self (1%)
@: lethally poisoned (-1 -> -15)
A: no striking features
a: no special abilities


You were on level 3 of the Dungeon.
You visited 1 branch of the dungeon, and saw 3 of its levels.

You collected 169 gold pieces.

Inventory:

Hand Weapons
 e - a +1 dagger (weapon)
 h - a +1 sling of draining
 r - a +2 antimagic hammer
Armour
 a - a +0 robe (worn)
 c - a +0 pair of boots (worn)
Jewellery
 d - the ring of Yloakewi (left hand) {*Slow rC- Will+++ Dex+7 Slay+4}
   (You found it on level 3 of the Dungeon)

   [ring of slaying]

   Dex+7:     It affects your dexterity (+7).
   Slay+4:    It affects your accuracy & damage with ranged weapons and melee
   (+4).
   rC-:       It makes you vulnerable to cold.
   Will+++:   It greatly increases your willpower.
   *Slow:     It may slow you when you take damage.
Talismans
 g - a dragon-blood talisman
 j - a beast talisman
Scrolls
 i - a scroll of summoning
 n - a scroll of vulnerability {unknown}
 p - a scroll of identify
 q - a scroll of teleportation {unknown}
Potions
 b - a potion of magic
 f - 2 potions of curing
 k - a potion of experience {unknown}
 l - a potion of haste {unknown}
 m - 2 potions of heal wounds {unknown}
 o - a potion of might {unknown}


   Skills:
 - Level 2.4 Dodging
 - Level 2.4 Stealth
 + Level 4.4 Spellcasting
 * Level 5.9 Summonings
 + Level 1.6 Shapeshifting


You had 8 spell levels left.
You knew the following spells:

 Your Spells              Type           Power      Damage    Failure   Level
a - Summon Small Mammal   Summ           100%       N/A       1%          1
b - Call Imp              Summ           62%        N/A       1%          2

Your spell library contained the following spells:

 Spells                   Type           Power      Damage    Failure   Level
 Call Canine Familiar     Summ           31%        N/A       2%          3
 Summon Guardian Golem    Hex/Summ       17%        N/A       10%         3
 Summon Lightning Spire   Summ/Air       17%        N/A       30%         4


Dungeon Overview and Level Annotations

Branches:
Dungeon (3/15)

Altars:

Annotations:
D:3 2 runed translucent doors, Crazy Yiuf; PowderKeg's ghost, amateur GnSh


Message History

Crazy Yiuf says, "Mountain disdain canine!"
Crazy Yiuf hits your cerulean imp with a +3 quarterstaff of chaos!
Crazy Yiuf freezes your cerulean imp.
Your cerulean imp dies!
Your cerulean imp disappears in a puff of smoke!
Casting: Call Imp (safe; 1% risk of failure)
Confirm with . or Enter, or press ? or * to list all spells.
A tiny devil pulls itself out of the air.
You swap places.
Crazy Yiuf hits your cerulean imp with a +3 quarterstaff of chaos.
Your cerulean imp seems to speed up.
Your cerulean imp hits Crazy Yiuf but does no damage.
What are your orders? t - Shout!
Orders for allies: a - Attack new target. p - Attack previous target. r - Retreat! s - Stop attacking. g - Guard the area. f - Follow me.
Anything else - Cancel.
Gang up on whom?
Press: ? - help, Dir - move target, f/p - Crazy Yiuf
Aim: Crazy Yiuf, wielding a +3 quarterstaff of chaos and wearing a +0 cloak (moderately wounded, ally target) Attack!
Your cerulean imp hits Crazy Yiuf with a -1 spear.
Crazy Yiuf hits your cerulean imp with a +3 quarterstaff of chaos!
Your cerulean imp dies!
Your cerulean imp disappears in a puff of smoke!
Casting: Call Imp (safe; 1% risk of failure)
Confirm with . or Enter, or press ? or * to list all spells.
You don't know that spell.
Casting: Call Imp (safe; 1% risk of failure)
Confirm with . or Enter, or press ? or * to list all spells.
A tiny devil pulls itself out of the air.
Crazy Yiuf hits you with a +3 quarterstaff of chaos!
Ouch! That really hurt!
You are lethally poisoned!
Casting: Call Imp (safe; 1% risk of failure)
Confirm with . or Enter, or press ? or * to list all spells.
* * * LOW HITPOINT WARNING * * *
You feel very sick.
Crazy Yiuf hits you with a +3 quarterstaff of chaos!
You die...

#..#
#...###.####
#.# ## #..#
##...##.#
#.# . #..#
#....####
#.# # #.##
#....# #.#
## ##.#
♣....♣ #.#
#. #..#
♣...♣♣ #.# #
#..# ♣♣)♣♣
#.# # #..#
♣r♣♣ #.# #
#..# ♣♣@♣
######.####
#..## ♣g♣♣
#........#
#...# ♣♣5♣
######.#.#
##.## #'#
######.#.#
#.# ).)
#......#.##
#.# #.).#
########.##
#.# #).)#
#####.##
##.## #####
#.......
#...#
#.###.##


You could see Crazy Yiuf (ally target), a friendly cerulean imp (summoned) and a
friendly quokka (summoned).

Vanquished Creatures
  3 adders (D:3)
  6 bats
  An endoplasm (D:3)
  A goblin (D:2)
  A hobgoblin (D:3)
  A kobold (D:2)
  2 frilled lizards (D:2)
  5 rats
20 creatures vanquished.

Vanquished Creatures (collateral kills)
  Terence (D:3)
  2 adders
  A dart slug (D:2)
  3 ball pythons
  7 endoplasms
  3 giant cockroaches (D:2)
  3 goblins
  5 hobgoblins
  7 kobolds
  A quokka (D:1)
  4 bats
  3 frilled lizards
  2 rats
42 creatures vanquished.

Grand Total: 62 creatures vanquished

Notes
Turn   | Place    | Note
-------+----------+-------------------------------------------
     0 | D:1      | pascalblue the Deep Elf Summoner began the quest for the
                  | Orb.
     0 | D:1      | Reached XP level 1. HP: 10/10 MP: 6/6
   176 | D:1      | Reached XP level 2. HP: 4/15 MP: 5/8
   228 | D:1      | Learned a level 2 spell: Call Imp
   599 | D:1      | Reached skill level 5 in Summonings
   661 | D:1      | Found a faded altar of an unknown god.
  1601 | D:2      | Reached XP level 3. HP: 5/19 MP: 7/10
  2662 | D:3      | Identified the ring of Yloakewi {*Slow rC- Will+++ Dex+7
                  | Slay+4}
  2838 | D:3      | Noticed Terence
  2869 | D:3      | Reached skill level 1 in Shapeshifting
  2869 | D:3      | Reached XP level 4. HP: 20/24 MP: 2/12
  2876 | D:3      | Killed Terence
  3235 | D:3      | Found a large runed translucent door.
  3238 | D:3      | Found a large runed translucent door.
  3240 | D:3      | Noticed PowderKeg's ghost (amateur GnSh)
  3536 | D:3      | Found a runed translucent door.
  3537 | D:3      | Noticed Crazy Yiuf
  3556 | D:3      | Slain by Crazy Yiuf

Illustrated notes

Levels and vault maps discovered:
D:1:      arrival_zaba_pyramid, layout_basic, basic_ecumenical_altar,
          minmay_heptomino_h4
D:2:      layout_loops_ring, kennysheep_generic_room_9
D:3:      layout_loops_ring, ebering_ghost_disaster_area, minivault_5,
          uniq_terence, uniq_crazy_yiuf_cottage

Skill      XL: |  1  2  3 |
---------------+----------+-----
Summonings     | 5 |  5.9
Spellcasting   | 4 |  4.4
Shapeshifting  | 1 |  1.6
Dodging        | |  2.4
Stealth        | |  2.4

Action                     |  1- 3 |  4- 6 || total
---------------------------+-------+-------++-------
  Melee: Unarmed           |     4 |       ||     4
         Dagger            |    46 |     7 ||    53
   Cast: Summon Small Mamm |    39 |    12 ||    51
         Call Imp          |    19 |     7 ||    26
Ability: Begin Untransform |     1 |       ||     1
    Use: Scroll            |    10 |       ||    10
   Stab: Sleeping          |     4 |       ||     4
 Armour: Robe              |    33 |     9 ||    42
         Skin              |     1 |       ||     1
  Dodge: Dodged            |    54 |     5 ||    59
         Form:             |     1 |     2 ||     3
         Dragon            |     1 |       ||     1
         Beast             |     1 |     2 ||     3

Table legend: (Time is in decaauts)
 A = Elapsed time spent in this place.
 B = Non-inter-level travel time spent in this place.
 C = Inter-level travel time spent in this place.
 D = Time resting spent in this place.
 E = Time spent auto-exploring this place.
 F = Levels seen in this place.
 G = Mean time per level.
                   A        B        C        D        E       F      G
               +--------+--------+--------+--------+--------+-----+--------+
         Total |   3554 |   3468 |     86 |    133 |   2514 |   3 | 1184.7 |
       Dungeon |   3554 |   3468 |     86 |    133 |   2514 |   3 | 1184.7 |
               +--------+--------+--------+--------+--------+-----+--------+

Top non-repeatable levels by time:
     D:1: 1362 daAuts
     D:3: 1134 daAuts
     D:2: 1057 daAuts
